 Dungeon Crawl Stone Soup version 0.27-a0-1381-g81fdcbfb23 (webtiles) character file.

Game seed: 2739147202239643882

30 JellyBread the Cudgeller (level 3, 36/36 HPs)
             Began as a Troll Berserker on June 30, 2021.
             Was a Believer of Trog.
             Got out of the dungeon alive.
             The game lasted 00:10:55 (1417 turns).

JellyBread the Cudgeller (Troll Berserker)          Turns: 1417, Time: 00:10:56

Health: 36/36      AC:  4    Str: 26    XL:     3   Next: 3%
Magic:  2/2        EV: 10    Int:  3    God:    Trog [**....]
Gold:   37         SH:  0    Dex:  9    Spells: 2/2 levels left

rFire    . . .     SeeInvis .   (no weapon)
rCold    . . .     Faith    .   (no shield)
rNeg     . . .     Spirit   .   b - +0 animal skin
rPois    .         Reflect  .   (helmet restricted)
rElec    .         Harm     .   (no cloak)
rCorr    .         Rampage  .   (gloves unavailable)
Will     .....                  (boots unavailable)
Stlth    +.........             (no amulet)
HPRegen  1.12/turn              (no ring)
MPRegen  0.08/turn              (no ring)

@: no status effects
A: large, unfitting armour, claws 3, regeneration 1, shaggy fur 1, tough skin 1
a: Renounce Religion, Berserk, Trog's Hand


You escaped.
You worshipped Trog.
Trog was pleased with you.
You visited 1 branch of the dungeon, and saw 1 of its levels.

You collected 37 gold pieces.

Inventory:

Hand Weapons
 a - a +0 mace
Armour
 b - a +0 animal skin (worn)
Scrolls
 c - a scroll of amnesia {unknown}
 d - a scroll of immolation {unknown}
 e - 2 scrolls of enchant weapon {unknown}
Potions
 f - 2 potions of curing {unknown}


   Skills:
 + Level 2.8 Fighting
 + Level 3.1 Maces & Flails
 + Level 2.7 Dodging


You had 2 spell levels left.
You didn't know any spells.
Your spell library was empty.

Dungeon Overview and Level Annotations

Branches:
Dungeon (1/15)

Altars:


Innate Abilities, Weirdness & Mutations

You are too large for most types of armour.
You have claws for hands.
Your natural rate of healing is unusually fast.
You are covered in fur. (AC +1)
You have tough skin. (AC +1)


Message History

Why would you want to do that? Why would you want to do that?
Why would you want to do that? Why would you want to do that?
Why would you want to do that? Why would you want to do that?
Why would you want to do that? Why would you want to do that?
Why would you want to do that? Why would you want to do that?
Why would you want to do that? Why would you want to do that?
There is an open door here.
There is a staircase leading out of the dungeon here.
There is an open door here.
Why would you want to do that? Why would you want to do that?
Why would you want to do that? Why would you want to do that?
Why would you want to do that? Why would you want to do that?
Why would you want to do that? Why would you want to do that?
There is an open door here.
There is a staircase leading out of the dungeon here.
There is a staircase leading out of the dungeon here.
There is an escape hatch in the floor here.
There is a staircase leading out of the dungeon here.
Are you sure you want to leave the Dungeon?
This will make you lose the game!
Alright, then stay!
Unknown command.
Are you sure you want to leave the Dungeon?
This will make you lose the game!
Alright, then stay!
There is an escape hatch in the floor here.
You can't go up here!
There is a staircase leading out of the dungeon here.
Are you sure you want to leave the Dungeon?
This will make you lose the game!
Uppercase [Y]es or [N]o only, please.
Are you sure you want to leave the Dungeon?
This will make you lose the game!
You have escaped!

....#....# #...#.....####........
.####....# #.........# #......#.
.........# ##.......## #......#.
.......#### ######### #######.#.
..###.##..## ##...## #..## ##'##
......#.≈..# ##'## #..≈.# #....
#....##.≈≈.####...####.≈≈.###....
+.....#..≈.#§#..>..#≈#.≈○○#.#....
##....#≈≈≈≈#.§..@..'.#.≈○☼#.#....
##....#.≈≈.#≈#.....#≈#.≈☼☼#.#....
#...##.≈≈.####...####..≈.###....
#...##....# ##'## #..≈.##.#'##
#...###..## ##8.8## #..###.#...
##### #### ####'#########.#.###'
##.......##.....#.#...
#.........#.#.#...'...
#§#§§#§...#...#.#.#...


There were no monsters in sight!

Vanquished Creatures
  A dart slug (D:1)
  2 bats (D:1)
  2 endoplasms (D:1)
  A giant cockroach (D:1)
  3 hobgoblins (D:1)
  2 jackals (D:1)
  A quokka (D:1)
  12 frilled lizards (D:1)
  A kobold (D:1)
  5 rats (D:1)
30 creatures vanquished.

Vanquished Creatures (others)
  7 plants (D:1)
7 creatures vanquished.

Grand Total: 37 creatures vanquished

Notes
Turn   | Place    | Note
-------+----------+-------------------------------------------
     0 | D:1      | JellyBread the Troll Berserker began the quest for the Orb.
     0 | D:1      | Reached XP level 1. HP: 22/22 MP: 0/0
   291 | D:1      | Reached XP level 2. HP: 29/29 MP: 1/1
   410 | D:1      | Found a faded altar of an unknown god.
   695 | D:1      | Reached skill level 3 in Maces & Flails
   826 | D:1      | Reached ** piety under Trog
   833 | D:1      | Reached XP level 3. HP: 23/36 MP: 2/2
  1417 | D:$      | Got out of the dungeon alive.

Illustrated notes

Levels and vault maps discovered:
D:1:      shiori_arrival_elements, layout_basic,
          hellmonk_ecumenical_altar_arch_garden, minivault_11,
          serial_bayou_pond_c, minmay_lizard_king

Skill      XL: |  1  2 |
---------------+-------+-----
Maces & Flails | 3 |  3.1
Fighting       | |  2.8
Dodging        | |  2.7

Action                   || total
-------------------------++-------
Melee: Mace              ||    91
Armor: Animal skin       ||    62
Dodge: Dodged            ||    82

Table legend: (Time is in decaauts)
 A = Elapsed time spent in this place.
 B = Non-inter-level travel time spent in this place.
 C = Inter-level travel time spent in this place.
 D = Time resting spent in this place.
 E = Time spent auto-exploring this place.
 F = Levels seen in this place.
 G = Mean time per level.
                   A        B        C        D        E       F      G
               +--------+--------+--------+--------+--------+-----+--------+
         Total |   1445 |    286 |   1159 |      0 |      0 |   1 | 1445.0 |
       Dungeon |   1445 |    286 |   1159 |      0 |      0 |   1 | 1445.0 |
               +--------+--------+--------+--------+--------+-----+--------+

Top non-repeatable levels by time:
     D:1: 1445 daAuts
